Map: Apotheosis LE

Players

Therad - Winner!

  • Race: Zerg Zerg
  • League: Platinum
  • Spawn Location: 11:00

Fropez

  • Race: Protoss Protoss
  • League: Gold
  • Spawn Location: 5:00

VOD

Have the link to the VOD?

Description

Time

  • Played on: Sept. 18, 2016, 10:28 p.m.
  • Length: 13:14
Show
View Real Time Build Order
Export as new Build Order

Therad Zerg - Winner!

Build Orders: Pool First 

Get SALT Encoding   

  12  0:02  Drone  
  13  0:11  Drone  
  14  0:32  Spawning Pool  
  14  0:33  Drone  
  14  0:37  Extractor  
  14  0:38  Drone  
  14  0:45  Overlord  
  14  1:06  Drone x3  
  17  1:21  Zergling x2  
  17  1:22  Queen  
  20  1:28  Drone  
  21  1:39  Drone  
  22  1:51  Roach Warren  
  21  1:56  Overlord  
  21  2:12  Evolution Chamber  
  20  2:16  Overlord  
  20  2:34  Roach x4  
  20  2:35  Roach  
  30  2:39  Roach  
  31  3:14  Roach x3  
  31  3:17  Overlord  
  37  3:22  Spore Crawler  
  36  3:39  Hatchery  
  37  3:41  Roach x2  
  39  4:01  Roach  
  39  4:02  Roach x2  
  33  5:23  Roach x3  
  33  5:24  Roach x2  
  43  5:37  Drone x4  
  47  5:49  Extractor  
  46  5:51  Lair  
  46  5:53  Queen  
  48  5:57  Ravager  
  48  5:58  Ravager  
  48  6:00  Drone x2  
  52  6:04  Extractor  
  52  6:07  Extractor  
  50  6:15  Drone x2  
  50  6:16  Overlord  
  50  6:17  Overlord  
  52  6:34  Hatchery  
  51  6:40  Drone  
  51  6:41  Drone x2  
  54  6:56  Spire  
  54  6:58  Drone  
  54  6:59  Drone x2  
  54  7:01  Drone  
  57  7:18  Drone  
  57  7:19  Drone x4  
  62  7:29  Ravager  
  64  7:30  Ravager x2  
  65  7:39  Zerg Missile Weapons Level 1  
  65  7:42  Drone  
  65  7:43  Drone  
  67  7:53  Drone  
  67  7:56  Drone x2  
  70  8:01  Spore Crawler  
  70  8:02  Overseer  
  69  8:12  Spine Crawler  
  68  8:13  Drone x2  
  68  8:16  Overseer  
  70  8:20  Drone x3  
  70  8:21  Drone  
  70  8:25  Overlord  
  74  8:40  Spore Crawler  
  73  8:41  Overseer  
  67  9:05  Drone x3  
  67  9:07  Queen  
  72  9:19  Drone  
  73  9:25  Drone x2  
  73  9:26  Drone x6  
  73  9:27  Drone  
  82  9:32  Overlord x4  
  82  9:33  Overlord  
  82  9:47  Zerg Flyer Weapons Level 1  
  82  9:54  Overseer  
  82  10:05  Spine Crawler  
  81  10:18  Mutalisk x4  
  81  10:19  Mutalisk x6  
  81  10:20  Mutalisk x3  
  107  10:25  Mutalisk  
  107  10:27  Mutalisk  
  111  10:29  Mutalisk  
  111  10:35  Extractor  
  112  10:38  Drone x4  
  116  10:43  Extractor  
  116  10:46  Spore Crawler  
  116  10:48  Drone  
  115  11:18  Drone x4  
  117  11:45  Zergling x8  
  117  11:46  Zergling x6  
  122  11:47  Overlord x2  
  122  11:48  Overlord x2  
Show
View Real Time Build Order
Export as new Build Order

Fropez Protoss 

Build Orders:  

Get SALT Encoding   

  12  0:05  Probe (Chrono Boost)  
  13  0:14  Pylon  
  13  0:17  Probe (Chrono Boost)  
  14  0:27  Probe (Chrono Boost)  
  15  0:31  Assimilator  
  15  0:38  Probe (Chrono Boost)  
  16  0:48  Probe (Chrono Boost)  
  17  0:58  Gateway  
  17  0:59  Probe (Chrono Boost)  
  18  1:08  Assimilator  
  18  1:10  Pylon  
  18  1:12  Probe (Chrono Boost)  
  19  1:23  Probe (Chrono Boost)  
  20  1:33  Probe (Chrono Boost)  
  21  1:47  Probe (Chrono Boost), Cybernetics Core  
  22  1:51  Pylon  
  22  1:57  Probe (Chrono Boost)  
  22  1:59  Pylon  
  23  2:08  Probe (Chrono Boost)  
  24  2:29  Adept (Chrono Boost), Gateway  
  26  2:33  Mothership Core  
  26  2:34  Warp Gate (Chrono Boost)  
  27  3:01  Pylon  
  26  3:09  Nexus  
  26  3:22  Probe  
  27  3:34  Probe  
  28  3:37  Gateway  
  28  3:38  Gateway  
  28  3:46  Probe  
  28  3:48  Twilight Council  
  29  3:56  Adept  
  29  3:59  Adept  
  33  4:05  Probe  
  34  4:12  Pylon  
  34  4:17  Probe  
  34  4:21  Probe  
  25  4:36  Probe  
  25  4:38  Probe  
  24  4:53  Adept  
  26  5:10  Stalker x2  
  26  5:12  Probe  
  31  5:21  Probe  
  29  5:24  Pylon  
  30  5:35  Probe, Dark Shrine  
  31  5:38  Probe  
  32  5:48  Probe  
  33  5:53  Probe  
  34  6:00  Probe  
  34  6:03  Probe  
  36  6:12  Probe  
  36  6:13  Robotics Facility  
  37  6:20  Probe  
  38  6:28  Resonating Glaives (Chrono Boost)  
  38  6:45  Probe  
  39  6:50  Assimilator  
  39  6:51  Dark Templar  
  39  6:52  Assimilator  
  39  6:53  Dark Templar  
  43  7:01  Probe  
  44  7:03  Dark Templar  
  46  7:18  Probe  
  46  7:19  Probe  
  48  7:28  Probe  
  48  7:30  Warp Prism (Chrono Boost)  
  48  7:31  Probe  
  52  7:40  Pylon, Probe  
  53  7:45  Probe  
  53  7:50  Probe  
  54  7:57  Probe  
  56  8:02  Adept x4  
  64  8:07  Probe  
  64  8:09  Probe  
  67  8:13  Observer (Chrono Boost)  
  67  8:17  Probe  
  68  8:25  Gateway  
  68  8:27  Pylon  
  68  8:29  Gateway  
  68  8:31  Gateway  
  68  8:33  Pylon, Probe  
  61  9:21  Blink (Chrono Boost)  
  61  9:22  Pylon  
  61  9:23  Pylon  
  61  9:26  Pylon, Gateway x2  
  61  9:28  Immortal  
  65  9:39  Probe  
  65  9:40  Probe  
  67  9:49  Probe  
  67  9:51  Gateway  
  67  9:52  Probe  
  69  10:00  Probe  
  69  10:04  Probe  
  71  10:10  Forge, Probe  
  71  10:11  Forge  
  72  10:16  Probe  
  72  10:17  Immortal  
  77  10:21  Probe  
  77  10:23  Stalker x2  
  77  10:24  Stalker x2  
  77  10:25  Stalker  
  88  10:32  Stalker  
  90  10:39  Stalker x3  
  96  10:56  Observer  
  97  10:57  Stalker x2  
  89  11:29  Stalker x3  
  89  11:30  Stalker  
  89  11:31  Stalker x2  
  89  11:32  Stalker x2  
  101  11:43  Stalker x2  
  105  11:55  Stalker x2  
  105  11:56  Stalker  
  99  12:08  Probe  
  99  12:10  Pylon  
  99  12:12  Pylon  
  99  12:14  Pylon  
  100  12:16  Pylon  
  100  12:17  Pylon  
  67  12:52  Stalker x3  
  67  12:53  Stalker x2  
  67  12:54  Stalker x3  
  67  12:55  Stalker  
Tags
 
Matchup
PvZ
Opening
Pool First
Replay Pack
All Mines
Spawn Locations
Cross Positions
Add a new tag
Caveats
  • Supply blocks, unpowered buildings, or Contaminate may cause inaccurate times.
  • Supply counts are checked every 10 seconds.